 Dungeon Sprint DCSS version 0.26.1-2-gb8aa6d0cf2 (webtiles) character file.

Game seed: 9924386079572214328

30381 Groucho the Imperceptible (level 12, -1/67 HPs)
             Began as a Spriggan Enchanter on Feb 27, 2021.
             Was the Champion of Kikubaaqudgha.
             Slain by a black mamba (11 damage)
             ... called by a spriggan druid
             ... in the Dungeon (Sprint III: "The Ten Rune Challenge").
             The game lasted 00:21:40 (4417 turns).

Groucho the Imperceptible (Spriggan Enchanter)      Turns: 4417, Time: 00:21:40

Health: -1/67      AC:  6    Str:  8    XL:     12   Next: 18%
Magic:  17/30      EV: 32    Int: 20    God:    Kikubaaqudgha [******]
Gold:   58         SH:  0    Dex: 14    Spells: 19/38 levels left

rFire    + . .     SeeInvis +   o - +2 dagger (venom)
rCold    + . .     Faith    .   (shield restricted)
rNeg     . . .     Spirit   .   k - +2 robe {rC+ rF+}
rPois    +         Reflect  .   (helmet restricted)
rElec    .         Harm     .   (no cloak)
rCorr    .         Rampage  .   (gloves unavailable)
Will     ++...     NoTele   +   (boots unavailable)
Stlth    ++++++++..             (no amulet)
HPRegen  0.21/turn              (no ring)
MPRegen  0.22/turn              (no ring)

@: lethally poisoned (-1 -> -17), confusing touch, very quick
A: very small, unfitting armour, talons 1, molten scales 1, see invisible,
clever 1, clumsy 1, deformed body, speed 3, poison resistance, shaggy fur 1, no
potion heal 1
}: 1/10 runes: serpentine
a: Renounce Religion, Receive Corpses, Torment, Brand Weapon With Pain, Receive
Necronomicon


You were in the Dungeon.
You worshipped Kikubaaqudgha.
Kikubaaqudgha was exalted by your worship.
You visited 1 branch You collected 58 gold pieces.

Inventory:

Hand Weapons
 a - a +1 dagger
 o - a +2 dagger of venom (weapon)
Missiles
 b - 7 curare-tipped darts
Armour
 k - a +2 robe of resistance (worn)
Scrolls
 c - a scroll of holy word
 h - 4 scrolls of identify
 i - a scroll of blinking
 j - a scroll of enchant armour {unknown}
Potions
 l - a potion of brilliance {unknown}
 m - a potion of might
 n - a potion of berserk rage


   Skills:
 * Level 9.8 Fighting
 - Level 10.0 Short Blades
 * Level 19.0 Dodging
 + Level 22.1 Stealth
 + Level 13.9 Spellcasting
 - Level 14.0 Hexes
 + Level 8.2 Necromancy


You had 19 spell levels left.
You knew the following spells:

 Your Spells              Type           Power        Failure   Level
a - Corona                Hex            70%          0%          1
b - Ensorcelled Hibernat  Hex/Ice        82%          1%          2
c - Confusing Touch       Hex            63%          1%          3
d - Dazzling Flash        Conj/Hex       82%          1%          3
e - Tukima's Dance        Hex            63%          1%          3
f - Dispel Undead         Necr           46%          1%          4
g - Vampiric Draining     Necr           23%          1%          3

Your spell library contained the following spells:

 Spells                   Type           Power        Failure   Level
 Pain                     Necr           100%         1%          1
 Corpse Rot               Necr/Air       N/A          1%          2
 Sublimation of Blood     Necr           23%          1%          2
 Excruciating Wounds      Necr           23%          4%          5
 Metabolic Englaciation   Hex/Ice        20%          8%          5
 Yara's Violent Unravell  Hex/Tmut       20%          8%          5
 Gell's Gravitas          Tloc           6%           14%         3
 Borgnjor's Vile Clutch   Necr/Erth      15%          24%         5
 Death Channel            Necr           23%          24%         6
 Petrify                  Tmut/Erth      13%          43%         4
 Simulacrum               Ice/Necr       15%          78%         6


Dungeon Overview and Level Annotations

Branches:
Dungeon (1/1)

Altars:
Cheibriados
Dithmenos
Elyvilon
Fedhas
Gozag
Hepliaklqana
Kikubaaqudgha
Makhleb
Nemelex Xobeh
Okawaru
Qazlal
Ru
Sif Muna
Trog
Uskayaw
Vehumet
Wu Jian
Xom
Yredelemnul
Zin
The Shining One
Beogh
Jiyva
Lugonu

Shops:
D (!}


Innate Abilities, Weirdness & Mutations

You are very small and have problems with some larger weapons.
You are too small for most types of armour.
You have supernaturally acute eyesight. (SInv)
You cover ground extremely quickly.
You have sharp toenails.
You are partially covered in molten scales. (AC +2)
Your mind is acute. (Int +2)
You are clumsy. (Dex -2)
Armour fits poorly on your strangely shaped body.
Your system is resistant to poisons. (rPois)
You are covered in fur. (AC +1)
Potions are less effective at restoring your health.


Message History

The spriggan druid is lightly wounded.
The black mamba completely misses you.
The spriggan druid hits you with a +0 quarterstaff!
You hit the spriggan druid but do no damage.
The spriggan druid is lightly wounded.
The black mamba bites you!
You are poisoned.
The black mamba poisons you!
You hit the spriggan druid but do no damage.
The spriggan druid is lightly wounded.
You feel sick. The black mamba bites you!
The spriggan druid hits you with a +0 quarterstaff!
* * * LOW HITPOINT WARNING * * *
Unknown command.
Unknown command.
Okay, then.
* * * LOW HITPOINT WARNING * * *
You feel sick. The black mamba bites you!
You die...
Kikubaaqudgha rasps: "You have failed me!
Welcome... death!"

+♣♣'♣≈≈≈≈≈≈≈≈≈≈≈≈♣♣P.'.#.
#.≈♣♣♣♣♣♣♣♣♣♣♣♣♣♣♣♣P.##.#
#..♣♣ ♣♣♣##'#
###'♣♣♣♣♣♣♣♣♣♣♣♣♣♣♣ #...
♣♣♣♣.##..##≈≈≈≈≈≈..# #...
♣...##.##.#≈≈≈≈≈...# #).)
♣♣.##.##.##ii≈≈≈≈####+####
♣..#.##(S.#≈≈..°..°)○#oPP
♣♣.##.##@)#≈.(i#######.oP
♣♣.##.#####...#.i...i#..o
♣.....##......#♣♣♣._.#...
########'#############+##
#...........##
#............#
###########..#
##.).........#
#.........÷.##


You could see a spriggan druid, a black mamba and a spriggan.

Vanquished Creatures
  Dowan (D)
  A nagaraja (D)
  Josephine (D)
  A centaur warrior (D)
  3 anacondas (D)
  A naga warrior (D)
  Urug (D)
  A death drake (D)
  2 unseen horrors (D)
  A lindwurm (D)
  A deep elf mage (D)
  3 black mambas (D)
  A guardian serpent (D)
  2 cane toads (D)
  Duvessa (D)
  A komodo dragon (D)
  A queen bee (D)
  2 tyrant leeches (D)
  A spriggan (D)
  3 redbacks (D)
  A shadow (D)
  2 nagas (D)
  A spatial vortex (D)
  7 water moccasins (D)
  3 wandering mushrooms (D)
  A necrophage (D)
  2 centaurs (D)
  An earth elemental (D)
  A water elemental (D)
  32 killer bees (D)
  An electric eel (D)
  A jelly (D)
  A wizard (D)
  Jessica (D)
  A necromancer (D)
  3 humans (D)
  A kobold demonologist (D)
  3 adders (D)
  2 oozes (D)
  A phantom (D)
  A rat (D)
96 creatures vanquished.

Vanquished Creatures (others)
  An ice dragon (D)
  3 hydras (D)
  5 plants (D)
9 creatures vanquished.

Grand Total: 105 creatures vanquished

Notes
Turn   | Place    | Note
-------+----------+-------------------------------------------
     0 | D        | Groucho the Spriggan Enchanter began the quest for the Orb.
     0 | D        | Reached XP level 1. HP: 9/9 MP: 5/5
    11 | D        | Reached skill level 6 in Stealth
    13 | D        | Reached skill level 8 in Stealth
    13 | D        | Reached XP level 2. HP: 13/13 MP: 6/6
   180 | D        | Killed an eight-headed hydra
   192 | D        | Noticed Jessica
   198 | D        | Killed Jessica
   199 | D        | Reached skill level 10 in Stealth
   199 | D        | Reached XP level 3. HP: 16/16 MP: 8/8
   216 | D        | Reached skill level 11 in Stealth
   249 | D        | Reached skill level 12 in Stealth
   328 | D        | Noticed a water elemental
   331 | D        | Killed a water elemental
   332 | D        | Reached skill level 14 in Stealth
   332 | D        | Reached XP level 4. HP: 21/21 MP: 9/9
   350 | D        | Gained mutation: Your muscles are strong. (Str +2) [potion
                  | of mutation]
   350 | D        | Gained mutation: You are frail. (-10% HP) [potion of
                  | mutation]
   350 | D        | Gained mutation: You are clumsy. (Dex -2) [potion of
                  | mutation]
   350 | D        | Gained mutation: You are partially covered in yellow
                  | scales. (AC +2) [potion of mutation]
   351 | D        | Lost mutation: You are frail. (-10% HP) [potion of
                  | mutation]
   351 | D        | Lost mutation: Your muscles are strong. (Str +2) [potion of
                  | mutation]
   351 | D        | Lost mutation: You are clumsy. (Dex -2) [potion of
                  | mutation]
   351 | D        | Lost mutation: You are partially covered in yellow scales.
                  | (AC +2) [potion of mutation]
   351 | D        | Gained mutation: Armour fits poorly on your strangely
                  | shaped body. [potion of mutation]
   351 | D        | Gained mutation: You are agile. (Dex +2) [potion of
                  | mutation]
   351 | D        | Gained mutation: You are weak. (Str -2) [potion of
                  | mutation]
   351 | D        | Gained mutation: Your system is resistant to poisons.
                  | (rPois) [potion of mutation]
   352 | D        | Lost mutation: Armour fits poorly on your strangely shaped
                  | body. [potion of mutation]
   352 | D        | Lost mutation: You are agile. (Dex +2) [potion of mutation]
   352 | D        | Gained mutation: Armour fits poorly on your strangely
                  | shaped body. [potion of mutation]
   352 | D        | Gained mutation: Your body sometimes deteriorates upon
                  | taking damage. [potion of mutation]
   352 | D        | Gained mutation: You evolve. [potion of mutation]
   353 | D        | Lost mutation: Your body sometimes deteriorates upon taking
                  | damage. [potion of mutation]
   353 | D        | Lost mutation: You evolve. [potion of mutation]
   353 | D        | Gained mutation: Potions are less effective at restoring
                  | your health. [potion of mutation]
   353 | D        | Gained mutation: You are partially covered in molten
                  | scales. (AC +2) [potion of mutation]
   353 | D        | Gained mutation: Your mind is acute. (Int +2) [potion of
                  | mutation]
   354 | D        | Lost mutation: You are weak. (Str -2) [potion of mutation]
   354 | D        | Gained mutation: You have sharp toenails. [potion of
                  | mutation]
   354 | D        | Gained mutation: You are clumsy. (Dex -2) [potion of
                  | mutation]
   354 | D        | Gained mutation: You are covered in fur. (AC +1) [potion of
                  | mutation]
   402 | D        | Found a radiant altar of Vehumet.
   403 | D        | Found a shimmering blue altar of Sif Muna.
   403 | D        | Found an ancient bone altar of Kikubaaqudgha.
   403 | D        | Noticed a wizard
   404 | D        | Killed a wizard
   405 | D        | Reached skill level 15 in Stealth
   405 | D        | Reached XP level 5. HP: 24/24 MP: 10/10
   407 | D        | Reached skill level 16 in Stealth
   413 | D        | Became a worshipper of Kikubaaqudgha
   424 | D        | Found a glowing silver altar of Zin.
   425 | D        | Found a glowing golden altar of the Shining One.
   425 | D        | Found a white marble altar of Elyvilon.
   425 | D        | Noticed a deep elf mage
   427 | D        | Killed a deep elf mage
   428 | D        | Reached skill level 5 in Short Blades
   428 | D        | Reached skill level 17 in Stealth
   428 | D        | Reached XP level 6. HP: 28/28 MP: 11/16
   428 | D        | Reached XP level 7. HP: 32/32 MP: 11/17
   571 | D        | Found a hide-covered altar of Uskayaw.
   571 | D        | Found an iron altar of Okawaru.
   572 | D        | Found a roughly hewn altar of Beogh.
   572 | D        | Found a bloodstained altar of Trog.
   572 | D        | Found an ornate altar of the Wu Jian Council.
   572 | D        | Noticed a human
   572 | D        | Noticed a human
   574 | D        | Killed a human
   575 | D        | Killed a human
   575 | D        | Reached * piety under Kikubaaqudgha
   575 | D        | Identified Kikubaaqudgha's Collected Works on Evil
                  | (Kikubaaqudgha gifted it to you in the Dungeon)
   575 | D        | Received a gift from Kikubaaqudgha
   591 | D        | Found a shadowy altar of Dithmenos.
   592 | D        | Found a basalt altar of Yredelemnul.
   592 | D        | Found a sacrificial altar of Ru.
   605 | D        | Noticed a shadow
   607 | D        | Killed a shadow
   607 | D        | Reached ** piety under Kikubaaqudgha
   608 | D        | Reached skill level 18 in Stealth
   608 | D        | Reached XP level 8. HP: 36/36 MP: 21/21
   653 | D        | Learned a level 2 spell: Ensorcelled Hibernation
   657 | D        | Learned a level 3 spell: Confusing Touch
   661 | D        | Learned a level 3 spell: Dazzling Flash
   665 | D        | Learned a level 3 spell: Tukima's Dance
   744 | D        | Killed an ice dragon
   909 | D        | Found a blossoming altar of Fedhas.
   909 | D        | Found a stormy altar of Qazlal.
   910 | D        | Found a snail-covered altar of Cheibriados.
   910 | D        | Found a burning altar of Makhleb.
   910 | D        | Found a hazy altar of Hepliaklqana.
   910 | D        | Found a shimmering altar of Xom.
   910 | D        | Found an opulent altar of Gozag.
   910 | D        | Found a sparkling altar of Nemelex Xobeh.
   910 | D        | Found a corrupted altar of Lugonu.
   910 | D        | Found a viscous altar of Jiyva.
   925 | D        | Noticed Josephine
   927 | D        | Killed Josephine
   928 | D        | Reached skill level 19 in Stealth
   928 | D        | Reached skill level 10 in Hexes
   928 | D        | Reached XP level 9. HP: 39/39 MP: 21/23
   948 | D        | Reached *** piety under Kikubaaqudgha
   948 | D        | Identified Kikubaaqudgha's Handbook of Unholy Rituals
                  | (Kikubaaqudgha gifted it to you in the Dungeon)
   948 | D        | Received a gift from Kikubaaqudgha
   954 | D        | Noticed a centaur warrior
   970 | D        | Reached skill level 10 in Spellcasting
   970 | D        | Reached skill level 1 in Necromancy
   973 | D        | Killed a centaur warrior
  1274 | D        | Noticed an unseen horror
  1274 | D        | Noticed an unseen horror
  1282 | D        | Killed an unseen horror
  1282 | D        | Reached **** piety under Kikubaaqudgha
  1283 | D        | Reached skill level 1 in Fighting
  1422 | D        | Learned a level 4 spell: Dispel Undead
  1426 | D        | Learned a level 3 spell: Vampiric Draining
  1432 | D        | Killed an unseen horror
  1433 | D        | Reached XP level 10. HP: 47/47 MP: 25/25
  1636 | D        | Noticed Dowan
  1636 | D        | Noticed Duvessa
  1640 | D        | Killed Duvessa
  1642 | D        | Killed Dowan
  1643 | D        | Reached skill level 10 in Short Blades
  1643 | D        | Reached skill level 20 in Stealth
  1721 | D        | Noticed a yaktaur captain
  1739 | D        | Reached ***** piety under Kikubaaqudgha
  1777 | D        | Reached skill level 5 in Fighting
  1783 | D        | Reached ****** piety under Kikubaaqudgha
  1790 | D        | Reached skill level 5 in Necromancy
  1822 | D        | Reached skill level 15 in Dodging
  2234 | D        | Reached XP level 11. HP: 29/56 MP: 20/28
  2783 | D        | Noticed a lindwurm
  2787 | D        | Killed a lindwurm
  2796 | D        | Noticed Urug
  2798 | D        | Killed Urug
  2799 | D        | Reached skill level 21 in Stealth
  2935 | D        | Noticed a five-headed hydra
  2935 | D        | Noticed an eight-headed hydra
  3146 | D        | Killed a five-headed hydra
  3202 | D        | Killed an eight-headed hydra
  3322 | D        | Noticed a death drake
  3327 | D        | Killed a death drake
  3329 | D        | Noticed an anaconda
  3343 | D        | Killed an anaconda
  3575 | D        | Noticed an anaconda
  3719 | D        | Killed an anaconda
  3946 | D        | Noticed an anaconda
  3948 | D        | Killed an anaconda
  3959 | D        | Noticed a naga warrior
  3959 | D        | Noticed a nagaraja
  4075 | D        | Killed a naga warrior
  4076 | D        | Reached XP level 12. HP: 45/66 MP: 27/30
  4247 | D        | Found Guixto's Antique Weapon Shop.
  4247 | D        | Found Niedavo's Distillery.
  4249 | D        | Found Sionuzag's Gadget Boutique.
  4272 | D        | Killed a nagaraja
  4273 | D        | Reached skill level 22 in Stealth
  4278 | D        | Got a serpentine rune of Zot
  4377 | D        | Found a blossoming altar of Fedhas.
  4417 | D        | Slain by a black mamba

Illustrated notes

Levels and vault maps discovered:
D:        dungeon_sprint_mu [sprint_mu_entry_cave, sprint_mu_temple_rooms,
          sprint_mu_d1_horrors, sprint_mu_d2_genie, sprint_mu_d3_branching,
          sprint_mu_orc_legion, sprint_mu_elf_gauntlet, sprint_mu_hive_nellie,
          sprint_mu_lair_fedhas, sprint_mu_vaults_butterflies,
          sprint_mu_slime_circle, sprint_mu_swamp_cave, sprint_mu_snake_twists,
          sprint_mu_blade_basic, sprint_mu_crypt_chambers,
          sprint_mu_tomb_spiral, sprint_mu_vestibule_basic,
          sprint_mu_gehenna_hellfire, sprint_mu_dis_giant,
          sprint_mu_tartarus_statrot, sprint_mu_cocytus_islands, sprint_mu_zot1]

Skill      XL: |  1  2  3  4  5  6  7  8  9 10 11 12 |
---------------+-------------------------------------+-----
Stealth        | 8 10 14 15 17 18 19 20 21 22 | 22.1
Short Blades   | 5 6 8 9 10 | 10.0
Dodging        | 7 9 11 13 15 18 19 | 19.0
Spellcasting   | 6 8 9 10 12 13 | 13.9
Hexes          | 6 8 10 11 13 14 | 14.0
Necromancy     | 3 5 7 8 |  8.2
Fighting       | 2 6 9 |  9.8

Action                   |  1- 3 |  4- 6 |  7- 9 | 10-12 || total
-------------------------+-------+-------+-------+-------++-------
Melee: Dagger            |    15 |     3 |    15 |   198 ||   231
       Kick              |       |       |       |    28 ||    28
 Cast: Ensorcelled Hiber |       |       |     6 |    73 ||    79
       Confusing Touch   |       |       |     1 |    13 ||    14
       Dazzling Flash    |       |       |       |     9 ||     9
       Corona            |       |       |       |     4 ||     4
Invok: Torment           |       |       |       |     1 ||     1
  Use: Potion            |     1 |     6 |     1 |     6 ||    14
       Scroll            |       |     1 |       |       ||     1
 Stab: Sleeping          |     6 |     3 |    13 |    47 ||    69
       Confused          |       |       |     1 |     9 ||    10
       Invisible         |       |       |       |     9 ||     9
Armor: Robe              |     1 |       |       |     6 ||     7
Dodge: Dodged            |     5 |       |     5 |   158 ||   168
